 Dungeon Crawl Stone Soup version 0.28-a0-751-gef3a642a4e (webtiles) character file.

Game seed: 580554016858846988

909 pokeman the Thaumaturge (level 7, -6/38 HPs)
             Began as a Deep Elf Hedge Wizard on Oct 30, 2021.
             Mangled by a gnoll (11 damage)
             ... on level 5 of the Dungeon.
             The game lasted 00:11:47 (6609 turns).

pokeman the Thaumaturge (Deep Elf Hedge Wizard)     Turns: 6609, Time: 00:11:48

Health: -6/38      AC:  3    Str:  7    XL:     7   Next: 81%
Magic:  14/21      EV: 12    Int: 27    God:
Gold:   117        SH:  0    Dex: 14    Spells: 12/23 levels left

rFire   . . .      SeeInvis .   f - +1 short sword (venom)
rCold   . . .      Faith    .   (no shield)
rNeg    . . .      Spirit   .   w - +0 leather armour
rPois   .          Reflect  .   c - +0 hat
rElec   .          Harm     .   (no cloak)
rCorr   .          Rampage  .   (no gloves)
Will    .....                   (no boots)
Stlth   ++........              b - amulet of regeneration
HPRegen 1.12/turn               a - +6 ring of intelligence
MPRegen 0.17/turn               n - ring of wizardry

@: lethally poisoned (-6 -> -6)
A: no striking features
a: no special abilities


You were on level 5 of the Dungeon.
You visited 1 branch of the dungeon, and saw 5 of its levels.

You collected 237 gold pieces.
You spent 120 gold pieces at shops.

Inventory:

Hand Weapons
 f - a +1 short sword of venom (weapon)
 r - the +10 dark maul {vorpal}
   (You found it on level 4 of the Dungeon)

   It inflicts extra damage upon your enemies.
Missiles
 l - 50 bolts
 u - 61 arrows
Armour
 c - a +0 hat (worn)
 w - a +0 leather armour (worn)
Jewellery
 a - a +6 ring of intelligence (left hand)
 b - an amulet of regeneration (around neck)
 n - a ring of wizardry (right hand)
Wands
 i - a wand of digging (6)
Scrolls
 d - 3 scrolls of enchant armour {unknown}
 g - a scroll of holy word {unknown}
 h - 4 scrolls of magic mapping
 m - 4 scrolls of identify
 o - a scroll of summoning {unknown}
 p - a scroll of noise
 q - 2 scrolls of amnesia
Potions
 e - a potion of degeneration {unknown}
 j - a potion of mutation {unknown}
 k - 2 potions of resistance {unknown}
 s - a potion of ambrosia {unknown}
 t - a potion of attraction {unknown}
 v - a potion of lignification {unknown}


   Skills:
 - Level 1.0 Fighting
 - Level 1.0 Armour
 - Level 4.0 Dodging
 - Level 4.0 Stealth
 * Level 8.7 Spellcasting
 + Level 4.4 Conjurations
 - Level 1.1 Summonings
 - Level 1.1 Translocations
 + Level 2.4 Fire Magic
 - Level 1.0 Air Magic
 - Level 1.0 Poison Magic
 - Level 1.0 Evocations


You had 12 spell levels left.
You knew the following spells:

 Your Spells              Type           Power      Damage    Failure   Level
a - Magic Dart            Conj           100%       1d8       1%          1
b - Mephitic Cloud        Conj/Pois/Air  23%        N/A       3%          3
c - Call Imp              Summ           17%        N/A       2%          2
d - Blink                 Tloc           34%        N/A       2%          2
e - Conjure Flame         Conj/Fire      30%        6-21      2%          3

Your spell library contained the following spells:

 Spells                   Type           Power      Damage    Failure   Level
 Slow                     Hex            44%        N/A       2%          1
 Iskenderun's Mystic Bla  Conj/Tloc      26%        2d7       9%          4
 Fulminant Prism          Conj/Hex       11%        3d9       12%         4
 Lee's Rapid Deconstruct  Erth           5%         3d7*      58%         5


Dungeon Overview and Level Annotations

Branches:
Dungeon (5/15)
 Temple: D:4-7

Altars:

Shops:
D:3 ?   D:5 :

Annotations:
D:5 Menkaure, Sigmund


Message History

The scorpion appears confused.
The scorpion is engulfed in noxious fumes.
Unknown command.
The scorpion is engulfed in noxious fumes.
The scorpion appears confused.
The scorpion stings you.
You hit the scorpion.
The scorpion is moderately wounded.
The scorpion is engulfed in noxious fumes.
The scorpion appears confused.
The scorpion stings you!
Unknown command.
You hit the scorpion.
The scorpion is poisoned.
The scorpion is severely wounded.
The scorpion is engulfed in noxious fumes.
The scorpion appears confused.
An adder comes into view.
The scorpion is engulfed in noxious fumes.
The scorpion appears confused.
The scorpion seems to be having trouble coordinating all eight of its legs.
You hit the scorpion but do no damage.
The scorpion looks as sick as possible!
The scorpion is almost dead.
You kill the scorpion!
The adder is engulfed in noxious fumes.
The adder appears confused.
The adder bites the adder.
The adder is poisoned.
The adder poisons the adder!
Unknown command.
The adder completely misses you.
Things that are here:
a scorpion corpse; a scorpion corpse You barely miss the adder.
The adder bites you.
You are poisoned.
The adder poisons you!
A gnoll comes into view. It is wielding a +0 halberd.
You strike the helpless adder from behind!
You hit the adder.
The adder is poisoned.
The adder is heavily wounded.
You feel sick. The adder misses you.
The gnoll hits you from afar with a +0 halberd!
* * * LOW HITPOINT WARNING * * *
You feel sick.
The gnoll hits you from afar with a +0 halberd!
You die...

#....######....
#......#...#..
###........###.
###....####..####
P ###......#
#....# ..
#.......## ###.##
#.# #......###
#####
#.S####...#.###.##
#.S@##.......^.# .
###..#.........#
....##g#.....#..##
..............##.#
.............#####
.............#
....#.....#..#
#####..###.....
### #......


You could see a gnoll and 2 adders.

Vanquished Creatures
  A necrophage (D:3)
  A centaur (D:3)
  4 scorpions (D:5)
  A bullfrog zombie (D:5)
  A hound (D:5)
  An orc priest (D:3)
  A gnoll shaman (D:4)
  An iguana (D:4)
  Natasha (thrice) (D:3)
  Terence (D:2)
  A hound skeleton (D:4)
  8 gnolls
  7 adders
  2 worms
  4 dart slugs
  6 orcs
  8 ball pythons
  7 endoplasms
  3 giant cockroaches
  12 hobgoblins
  11 jackals
  9 kobolds
  2 quokkas
  6 bats
  9 frilled lizards
  5 goblins
  4 rats
119 creatures vanquished.

Vanquished Creatures (others)
  2 fungi (D:5)
  10 plants
12 creatures vanquished.

Grand Total: 131 creatures vanquished

Notes
Turn   | Place    | Note
-------+----------+-------------------------------------------
     0 | D:1      | pokeman the Deep Elf Hedge Wizard began the quest for the
                  | Orb.
     0 | D:1      | Reached XP level 1. HP: 10/10 MP: 7/7
   411 | D:1      | Reached XP level 2. HP: 11/16 MP: 1/9
   783 | D:1      | Reached skill level 5 in Spellcasting
  1000 | D:1      | Reached XP level 3. HP: 20/20 MP: 3/11
  1024 | D:1      | Learned a level 3 spell: Mephitic Cloud
  1027 | D:1      | Learned a level 2 spell: Call Imp
  1030 | D:1      | Learned a level 2 spell: Blink
  1034 | D:1      | Learned a level 3 spell: Conjure Flame
  1465 | D:1      | Found a faded altar of an unknown god.
  1506 | D:1      | Reached skill level 1 in Fighting
  1878 | D:2      | Noticed Terence
  1899 | D:2      | Killed Terence
  1900 | D:2      | Reached skill level 1 in Armour
  1900 | D:2      | Reached XP level 4. HP: 25/25 MP: 7/13
  3271 | D:3      | Noticed a centaur
  3282 | D:3      | Killed a centaur
  3283 | D:3      | Reached skill level 6 in Spellcasting
  3283 | D:3      | Reached XP level 5. HP: 5/29 MP: 7/15
  3671 | D:3      | Noticed a necrophage
  3681 | D:3      | Killed a necrophage
  3682 | D:3      | Reached XP level 6. HP: 34/34 MP: 6/17
  4156 | D:3      | Noticed Natasha
  4162 | D:3      | Killed Natasha
  4163 | D:3      | Reached skill level 7 in Spellcasting
  4630 | D:3      | Found Pathecwe's Magic Scroll Emporium.
  4638 | D:3      | Bought a scroll of magic mapping for 35 gold pieces
  4638 | D:3      | Bought a scroll of identify for 20 gold pieces
  4638 | D:3      | Bought a scroll of noise for 10 gold pieces
  4638 | D:3      | Bought a scroll of identify for 20 gold pieces
  4638 | D:3      | Bought a scroll of amnesia for 35 gold pieces
  4842 | D:3      | Noticed Natasha
  4856 | D:3      | Killed Natasha
  5239 | D:3      | Noticed Natasha
  5245 | D:3      | Killed Natasha
  5375 | D:4      | Found the +10 dark maul {vorpal}
  5565 | D:4      | Reached skill level 1 in Evocations
  5565 | D:4      | Reached XP level 7. HP: 38/38 MP: 13/20
  5575 | D:4      | Reached skill level 1 in Fire Magic
  6120 | D:5      | Entered Level 5 of the Dungeon
  6120 | D:5      | Noticed Menkaure
  6296 | D:5      | Noticed Sigmund
  6296 | D:5      | Found Mimp's Book Shop.
  6379 | D:5      | Reached skill level 8 in Spellcasting
  6379 | D:5      | Reached skill level 1 in Poison Magic
  6598 | D:5      | Reached skill level 1 in Air Magic
  6609 | D:5      | Mangled by a gnoll

Illustrated notes

Levels and vault maps discovered:
D:1:      heliophobic_arrival_henge, layout_loops_corners,
          shapermc_ecumenical_altar_mp_ritualfount, lexackson_kobold_supper
D:2:      layout_basic, minmay_misc_feat_nine_boxes, uniq_terence
D:3:      layout_basic, serial_shops, nicolae_diamond_shop,
          minmay_quadrilaterals, uniq_natasha
D:4:      layout_rooms, guppyfry_early_lair_pool
D:5:      old_forge, layout_cave_pools, mainiacjoe_overflow_six_doors_small,
          grunt_temple_overflow_diamond, nicolae_stop_n_shop_1, uniq_menkaure,
          uniq_sigmund

Skill      XL: |  1  2  3  4  5  6  7 |
---------------+----------------------+-----
Spellcasting   | 5 6 7 8 |  8.7
Fighting       | 1 |  1.0
Armour         | 1 |  1.0
Conjurations   | 2 3 4 |  4.4
Dodging        | 3 4 |  4.0
Stealth        | 3 4 |  4.0
Evocations     | 1 |  1.0
Fire Magic     | 2 |  2.4
Poison Magic   | 1 |  1.0
Air Magic      | 1 |  1.0
Summonings     | |  1.1
Translocations | |  1.1

Action                   |  1- 3 |  4- 6 |  7- 9 || total
-------------------------+-------+-------+-------++-------
Melee: Short sword       |    23 |    36 |    29 ||    88
 Cast: Magic Dart        |    81 |   128 |    23 ||   232
       Mephitic Cloud    |     1 |     9 |     7 ||    17
       Conjure Flame     |       |     3 |     1 ||     4
       Blink             |       |       |     1 ||     1
 Stab: Confused          |     2 |     1 |     3 ||     6
       Sleeping          |       |     1 |       ||     1
Armor: Robe              |     2 |     1 |       ||     3
       Leather armour    |       |       |     1 ||     1
Dodge: Dodged            |    15 |    36 |    14 ||    65

Table legend: (Time is in decaauts)
 A = Elapsed time spent in this place.
 B = Non-inter-level travel time spent in this place.
 C = Inter-level travel time spent in this place.
 D = Time resting spent in this place.
 E = Time spent auto-exploring this place.
 F = Levels seen in this place.
 G = Mean time per level.
                   A        B        C        D        E       F      G
               +--------+--------+--------+--------+--------+-----+--------+
         Total |   6617 |   6293 |    324 |    657 |   4856 |   5 | 1323.4 |
       Dungeon |   6617 |   6293 |    324 |    657 |   4856 |   5 | 1323.4 |
               +--------+--------+--------+--------+--------+-----+--------+

Top non-repeatable levels by time:
     D:3: 2250 daAuts
     D:1: 1849 daAuts
     D:2: 1183 daAuts
     D:4: 1083 daAuts
     D:5: 251 daAuts
